 Dungeon Crawl Stone Soup version 0.23.2-33-g5129a83184 (webtiles) character file.

Game seed: 10520372413687191339

1158 Acheron the Bolt Thrower (level 8, -2/72 HPs)
             Began as a Gargoyle Hunter on Aug 1, 2019.
             Slain by a black mamba (6 damage)
             ... on level 2 of the Lair of Beasts.
             The game lasted 00:26:52 (4532 turns).

Acheron the Bolt Thrower (Gargoyle Hunter)          Turns: 4532, Time: 00:26:52

Health: -2/72      AC: 24    Str: 17    XL:     8   Next: 39%
Magic:  11/11      EV:  2    Int: 11    God:
Gold:   223        SH:  0    Dex: 12    Spells: 8/12 levels left

rFire    . . .     SeeInvis .   a - +1 hand crossbow
rCold    . . .     Gourm    .   (no shield)
rNeg     + + +     Faith    .   (armour currently unavailable)
rPois    ∞         Spirit   .   (helmet currently unavailable)
rElec    .         Reflect  .   (cloak currently unavailable)
rCorr    .         Harm     .   (gloves currently unavailable)
MR       .....     NoTele   +   (boots currently unavailable)
Stlth    ++........             (no amulet)
HPRegen  0.22/turn              (no ring)
MPRegen  0.12/turn              (no ring)

@: tree-form
A: negative energy resistance 1, petrification resistance, rot immunity, AC +5
a: no special abilities


You were on level 2 of the Lair of Beasts.
You were not hungry.
You were a tree.
You visited 3 branches of the dungeon, and saw 11 of its levels.

You collected 223 gold pieces.

Inventory:

Hand Weapons
 a - a +1 hand crossbow (weapon)
 b - a +0 short sword
 n - a +1 hand axe of freezing
Missiles
 d - 14 bolts (quivered)
 h - 69 stones
 p - 27 sling bullets
Armour
 c - a +0 leather armour
 l - a +1 ring mail (melded)
Jewellery
 e - an uncursed ring of resist corrosion {unknown}
Wands
 r - a wand of iceblast (6)
Scrolls
 m - a scroll of fear {unknown}
 t - 2 scrolls of remove curse
Potions
 g - a potion of curing {unknown}
 j - 2 potions of agility {unknown}
 k - a potion of lignification
 o - 2 potions of might {unknown}
 q - a potion of flight {unknown}
Comestibles
 f - 6 rations
 i - 9 chunks of flesh


   Skills:
 * Level 4.0 Fighting
 + Level 2.1 Short Blades
 + Level 5.0 Crossbows
 * Level 3.6 Armour
 * Level 2.9 Dodging
 * Level 3.2 Stealth
 * Level 2.6 Spellcasting
 * Level 2.2 Hexes
 * Level 2.3 Summonings
 * Level 0.8 Necromancy
 * Level 2.1 Translocations
 * Level 1.0 Evocations


You had 8 spell levels left.
You knew the following spells:

 Your Spells              Type           Power        Failure   Level  Hunger
a - Apportation           Tloc           #.....       12%         1    ##.....
b - Confusing Touch       Hex            #.....       11%         1    ##.....
c - Summon Small Mammal   Summ           #...         11%         1    ##.....
d - Animate Skeleton      Necr           N/A          19%         1    ##.....

Your spell library contained the following spells:

 Spells                   Type           Power        Failure   Level  Hunger


Dungeon Overview and Level Annotations

Branches:
Dungeon (8/15)             Temple (1/1) D:6            Lair (2/6) D:8
  Swamp: Lair:2-4    Shoals: Lair:2-4     Snake: Lair:2-4    Spider: Lair:2-4

Altars:
Fedhas
Hepliaklqana
Kikubaaqudgha
Makhleb
Nemelex Xobeh
Ru
Sif Muna
Trog
Vehumet
Wu Jian
Xom
Yredelemnul
Zin
The Shining One
Lugonu

Portals:
Gauntlet: Lair:2

Annotations:
D:3 exclusion: 2 downstairs, Robin
D:5 Edmund, Eustachio, Sigmund
D:6 Dowan, Duvessa
D:7 Pikel


Innate Abilities, Weirdness & Mutations

You are resistant to torment.
((Your stone body is resilient. (AC +5)))
You are immune to poison.
You resist negative energy. (rN+)
((You are resistant to electric shocks. (rElec)))
((You can survive without breathing.))
You are immune to petrification.
You are immune to rotting.


Message History

Press: ? - help, Shift-Dir - straight line, f/p - black mamba
Aim: a black mamba (heavily wounded)
You shoot a bolt. The bolt misses the black mamba.
The black mamba bites you but does no damage. x3
Firing (i - inventory. (/) - cycle)
d - 16 bolts (quivered)
Press: ? - help, Shift-Dir - straight line, f/p - black mamba
Aim: a black mamba (heavily wounded)
You shoot a bolt.
The bolt closely misses the black mamba.
The black mamba bites you but does no damage.
The black mamba bites you.
* * * LOW HITPOINT WARNING * * *
Firing (i - inventory. (/) - cycle)
d - 15 bolts (quivered)
Press: ? - help, Shift-Dir - straight line, f/p - black mamba
Aim: a black mamba (heavily wounded)
You shoot a bolt. The bolt barely misses the black mamba.
The black mamba bites you.
* * * LOW HITPOINT WARNING * * *
The black mamba bites you.
You die...

#.....###..#
#......#...#
#.........#
###.........##
#.....(∩......
#.............
##.....S.......
#......♣.......
#..............
#....<.........
#P.............
###............
#...........#
#..###.##..##
..# ## ### ..#


You could see a black mamba.

Vanquished Creatures
  A blink frog (Lair:1)
  3 porcupines (Lair:1)
  A bullfrog (Lair:1)
  3 hounds
  An orc wizard (Temple)
  4 worker ants
  A killer bee zombie (D:7)
  A hound skeleton (D:2)
  2 adders
  2 shadow imps
  An ooze (D:2)
  A dart slug (D:1)
  2 leopard geckos (D:3)
  3 orcs
  4 bats
  A giant cockroach (D:3)
  5 goblins
  7 hobgoblins
  5 jackals
  6 kobolds
  2 quokkas
  6 frilled lizards
  A jackal skeleton (D:4)
  5 rats
68 creatures vanquished.

Vanquished Creatures (collateral kills)
  2 blink frogs (Lair:1)
2 creatures vanquished.

Grand Total: 70 creatures vanquished

Notes
Turn   | Place    | Note
-------+----------+-------------------------------------------
     0 | D:1      | Acheron the Gargoyle Hunter began the quest for the Orb.
     0 | D:1      | Reached XP level 1. HP: 12/12 MP: 1/1
   139 | D:1      | Reached skill level 1 in Spellcasting
   139 | D:1      | Reached XP level 2. HP: 15/18 MP: 1/3
   549 | D:2      | Reached skill level 1 in Armour
   549 | D:2      | Reached XP level 3. HP: 22/22 MP: 4/4
   565 | D:2      | Learned a level 1 spell: Apportation
   567 | D:2      | Learned a level 1 spell: Confusing Touch
   569 | D:2      | Learned a level 1 spell: Summon Small Mammal
   571 | D:2      | Learned a level 1 spell: Animate Skeleton
   647 | D:2      | Found a basalt altar of Yredelemnul.
   894 | D:2      | Found a sparkling altar of Nemelex Xobeh.
   995 | D:3      | Noticed Robin
  1023 | D:2      | Reached XP level 4. HP: 25/27 MP: 5/5
  1393 | D:3      | Noticed a phantom
  1526 | D:3      | Found a hazy altar of Hepliaklqana.
  1527 | D:3      | Found a shimmering altar of Xom.
  1527 | D:3      | Noticed an earth elemental
  1541 | D:3      | Noticed an earth elemental
  1541 | D:3      | Noticed a spectral ugly thing
  1970 | D:5      | Entered Level 5 of the Dungeon
  2021 | D:4      | Reached skill level 1 in Short Blades
  2021 | D:4      | Reached XP level 5. HP: 22/31 MP: 7/7
  2219 | D:5      | Noticed Sigmund
  2238 | D:5      | Noticed a phantom
  2427 | D:6      | Noticed an ogre
  2444 | D:6      | Reached skill level 1 in Hexes
  2570 | D:6      | Reached skill level 1 in Summonings
  2570 | D:6      | Reached XP level 6. HP: 9/36 MP: 8/8
  2925 | D:5      | Found a deep blue altar of Sif Muna.
  3189 | D:5      | Noticed Eustachio
  3214 | D:5      | Noticed a phantom
  3217 | D:5      | Noticed Edmund
  3247 | D:6      | Found a staircase to the Ecumenical Temple.
  3254 | Temple   | Entered the Ecumenical Temple
  3292 | Temple   | Reached skill level 1 in Translocations
  3648 | D:7      | Noticed Pikel
  3648 | D:7      | Noticed a slave
  3649 | D:7      | Noticed a slave
  4137 | D:6      | Noticed an orc warrior
  4137 | D:6      | Noticed Dowan
  4137 | D:6      | Noticed Duvessa
  4278 | D:8      | Found a staircase to the Lair.
  4306 | Lair:1   | Entered Level 1 of the Lair of Beasts
  4307 | Lair:1   | Noticed a porcupine
  4310 | Lair:1   | Killed a porcupine
  4310 | Lair:1   | Reached XP level 7. HP: 41/41 MP: 8/10
  4315 | Lair:1   | Noticed a blink frog
  4315 | Lair:1   | Noticed a blink frog
  4332 | Lair:1   | Noticed a blink frog
  4342 | Lair:1   | Killed a blink frog
  4372 | Lair:1   | Killed a blink frog
  4378 | Lair:1   | Killed a blink frog
  4378 | Lair:1   | Reached XP level 8. HP: 45/48 MP: 9/11
  4481 | Lair:1   | Reached skill level 5 in Crossbows
  4481 | Lair:1   | Reached skill level 1 in Evocations
  4500 | Lair:1   | Noticed a black mamba
  4511 | Lair:1   | Noticed a yak
  4511 | Lair:1   | Noticed a yak
  4512 | Lair:1   | Noticed a yak
  4519 | Lair:2   | Found a gate leading to a gauntlet.
  4520 | Lair:2   | Noticed a black mamba
  4532 | Lair:2   | Slain by a black mamba

Skill      XL: |  1  2  3  4  5  6  7  8 |
---------------+-------------------------+-----
Spellcasting   | 1 2 |  2.6
Armour         | 1 2 3 |  3.6
Short Blades   | 1 2 |  2.1
Dodging        | 2 |  2.9
Hexes          | 1 2 |  2.2
Stealth        | 2 3 |  3.2
Summonings     | 1 2 |  2.3
Fighting       | 3 4 |  4.0
Translocations | 1 2 |  2.1
Crossbows      | 5 |  5.0
Evocations     | 1 |  1.0
Necromancy     | |  0.8

Action                   |  1- 3 |  4- 6 |  7- 9 || total
-------------------------+-------+-------+-------++-------
Melee: Short sword       |    70 |   281 |       ||   351
 Fire: Hand crossbow     |    29 |    13 |    35 ||    77
 Cast: Animate Skeleton  |       |       |     4 ||     4
  Use: Scroll            |     5 |     6 |       ||    11
       Potion            |       |     3 |     1 ||     4
 Stab: Sleeping          |     1 |     1 |       ||     2
  Eat: Chunk             |       |     4 |     1 ||     5
       Ration            |       |     2 |       ||     2
Armor: Leather armour    |    55 |    31 |       ||    86
       Ring mail         |       |   134 |    10 ||   144
       Skin              |       |       |     4 ||     4
Dodge: Dodged            |    54 |   227 |    14 ||   295
